 Dungeon Crawl Stone Soup version 0.29.0-4-gdea44cf6ec (webtiles) character file.

Game seed: 9678096874352054476

25 qw the Sneak (level 3, -4/23 HPs)
             Began as a Gargoyle Delver on Sept 10, 2022.
             Slain by Edmund
             ... wielding a +4 flail of holy wrath
              (7 damage)
             ... on level 5 of the Dungeon.
             The game lasted 00:00:07 (353 turns).

qw the Sneak (Gargoyle Delver)                       Turns: 353, Time: 00:00:08

Health: -4/23      AC:  6    Str: 17    XL:     3   Next: 4%
Magic:  3/3        EV: 11    Int: 10    God:
Gold:   15         SH:  0    Dex: 11    Spells: 2/2 levels left

rFire   . . .      SeeInvis .   a - +0 hand axe
rCold   . . .      Faith    .   (no shield)
rNeg    + . .      Spirit   .   b - +0 leather armour
rPois   inf        Reflect  .   (no helmet)
rElec   +          Harm     .   (no cloak)
rCorr   .          Rampage  .   (no gloves)
Will    .....                   (no boots)
Stlth   +++.......              (no amulet)
HPRegen 0.07/turn               (no ring)
MPRegen 0.08/turn               (no ring)

@: no status effects
A: sickness immunity, AC +3, negative energy resistance 1, electricity
resistance, torment resistance 1, petrification resistance
a: no special abilities


You were on level 5 of the Dungeon.
You visited 1 branch of the dungeon, and saw 1 of its levels.

You collected 15 gold pieces.


Innate Abilities, Weirdness & Mutations

You are immune to sickness and miasma.
Your stone body is resilient. (AC +3)
You are immune to poison.
You resist negative energy. (rN+)
You are resistant to electric shocks. (rElec)
You are resistant to unholy torment.
You are immune to petrification.


   Skills:
 - Level 3.2 Fighting
 + Level 3.1 Axes
 - Level 1.5 Dodging
 - Level 5.4 Stealth


You had 2 spell levels left.
You didn't know any spells.
Your spell library was empty.

Inventory:

Hand Weapons
 a - a +0 hand axe (weapon)
 h - a +0 flail
Armour
 b - a +0 leather armour (worn)
Wands
 g - a wand of digging (3)
Scrolls
 c - a scroll of fog
 d - a scroll of magic mapping
 e - a scroll of fear
Potions
 f - a potion of haste

Dungeon Overview and Level Annotations

Branches:
Dungeon (5/15)
 Temple: D:4-7

Altars:

Annotations:
D:5 Edmund


Message History

You hit Edmund.
Edmund is lightly wounded.
Edmund hits you with a +4 flail of holy wrath.
You closely miss Edmund.
Edmund is lightly wounded.
Edmund closely misses you.
You hit Edmund.
Edmund is lightly wounded.
Edmund misses you.
You hit Edmund.
Edmund is lightly wounded.
Edmund barely misses you.
You hit Edmund.
Edmund is moderately wounded.
Edmund barely misses you.
You closely miss Edmund.
Edmund is moderately wounded.
Edmund barely misses you.
Edmund hits you with a +4 flail of holy wrath!
You completely miss Edmund.
Edmund is moderately wounded.
Edmund hits you with a +4 flail of holy wrath.
You closely miss Edmund.
Edmund is moderately wounded.
You hear the brisk rusting of a drain nearby.
Edmund closely misses you.
You hit Edmund but do no damage.
Edmund is moderately wounded.
Edmund closely misses you.
You closely miss Edmund.
Edmund is moderately wounded.
Edmund closely misses you.
You hit Edmund but do no damage.
Edmund is moderately wounded.
Edmund hits you with a +4 flail of holy wrath.
You barely miss Edmund.
Edmund is moderately wounded.
Edmund misses you.
Edmund hits you with a +4 flail of holy wrath!
You die...

##.. .. #.....####
##... # .. #.[..
.....##...# #.
.####...
#........## ...
......# #####...##
.... .....# ##..#
.....#....# ##.##
......@...# #..#
#@..# #..# #...#
#..#
#...##########..##
#......##.........
+.................
#................#
#................#
#...............##
#................#


You could see Edmund.

Vanquished Creatures
  2 adders (D:5)
  3 orcs (D:5)
5 creatures vanquished.

Notes
Turn   | Place    | Note
-------+----------+-------------------------------------------
     0 | D:5      | qw the Gargoyle Delver began the quest for the Orb.
     0 | D:5      | Reached XP level 1. HP: 14/14 MP: 1/1
     0 | D:5      | 0 ||| qw: Version: 0.1-a-116-g5d60599
     0 | D:5      | 0 ||| qw: Game counter: 8421
     0 | D:5      | 0 ||| qw: Always use a shield: true
     0 | D:5      | 0 ||| qw: God list: Okawaru
     0 | D:5      | 0 ||| qw: Allow faded altars: false
     0 | D:5      | 0 ||| qw: Do Orc after D:15 true
     0 | D:5      | 0 ||| qw: Do second Lair branch before Depths: true
     0 | D:5      | 0 ||| qw: Lair rune preference: random
     0 | D:5      | 0 ||| qw: Plans: Normal
     0 | D:5      | 0 ||| PLANNING D:1-11
    12 | D:5      | HP: 2/14 [orc/+0 whip (3)]
    49 | D:5      | HP: 3/14 [adder (1)]
    52 | D:5      | Reached XP level 2. HP: 4/19 MP: 2/2
   132 | D:5      | Reached skill level 3 in Axes
   132 | D:5      | Reached XP level 3. HP: 11/23 MP: 3/3
   335 | D:5      | Noticed Edmund
   352 | D:5      | HP: 3/23 [Edmund/+4 flail of holy wrath (3)]
   353 | D:5      | Slain by Edmund

Levels and vault maps discovered:
D:5:      layout_layer_cave, jmf_multi_god_temple, gammafunk_ghost_grave,
          cheibrodos_sewer_entry_drain, serial_shops, nicolae_diamond_shop,
          uniq_ijyb, uniq_edmund

Skill      XL: |  1  2 |
---------------+-------+-----
Axes           | 2 3 |  3.1
Fighting       | |  3.2
Dodging        | |  1.5
Stealth        | |  5.4

Action                   || total
-------------------------++-------
Melee: Hand axe          ||    33
Armor: Leather armour    ||    13
Dodge: Dodged            ||    24

Table legend:
 A = Non-vault XP
 B = Vault XP
 C = Vault XP percentage of total XP
 D = Non-vault monster count
 E = Vault monster count
 F = Vault count percentage of total count
                 A         B        C        D         E       F
            +---------+---------+-------+---------+---------+-------
      Total |      36 |       0 |   0.0 |       5 |       0 |   0.0
            +---------+---------+-------+---------+---------+-------
        D:5 |      36 |       0 |   0.0 |       5 |       0 |   0.0
            +---------+---------+-------+---------+---------+-------
